 Dungeon Crawl Stone Soup version 0.27-a0-385-g3208abaabc (webtiles) character file.

Game seed: 1112668728760843830

745 tilp the Insei (level 7, -2/48 HPs)
             Began as an Octopode Transmuter on Feb 18, 2021.
             Killed by divine providence
             ... invoked by an orc priest
              (11 damage)
             ... on level 6 of the Dungeon.
             The game lasted 00:08:21 (5732 turns).

tilp the Insei (Octopode Transmuter)                Turns: 5732, Time: 00:08:22

Health: -2/48      AC:  5    Str:  9    XL:     7   Next: 76%
Magic:  0/10       EV: 13    Int: 17    God:
Gold:   298        SH:  4    Dex: 13    Spells: 7/10 levels left

rFire    + . .     SeeInvis .     - Unarmed
rCold    . . .     Faith    .   d - +0 buckler
rNeg     . . .     Spirit   +   (helmet restricted)
rPois    .         Reflect  .   l - amulet of guardian spirit
rElec    .         Harm     .   b - ring of protection from fire
rCorr    .         Rampage  .   o - ring of willpower
Will     +....                  q - +4 ring of protection
Stlth    +++.......             (no ring)
HPRegen  0.16/turn              (no ring)
MPRegen  0.12/turn              (no ring)
                                (no ring)
                                (no ring)

@: wereblooded
A: almost no armour, stealthy swim, amphibious, 8 rings, constrict 8, camouflage
1, gelatinous body 1
a: no special abilities


You were on level 6 of the Dungeon.
You visited 1 branch of the dungeon, and saw 6 of its levels.

You collected 298 gold pieces.

Inventory:

Hand Weapons
 u - the +10 hand axe of Deipsou {elec, +Inv rPois Will++ SInv, unknown}
   (You found it on level 4 of the Dungeon)

   Occasionally, upon striking a foe, it can discharge electrical energy and
   cause terrible harm.
   It protects you from poison.
   It affects your willpower, your defense against some magical effects.
   It lets you see invisible.
   It lets you turn invisible.
Missiles
 i - 125 stones
 m - 4 boomerangs (quivered)
 p - a throwing net {!f}
 v - 8 javelins
Armour
 d - a +0 buckler (worn)
Jewellery
 b - a ring of protection from fire (left tentacle)
 l - an amulet of guardian spirit (around mantle)
 o - a ring of willpower (right tentacle)
 q - a +4 ring of protection (on tentacle)
Scrolls
 e - 2 scrolls of teleportation
 g - a scroll of enchant armour {unknown}
 j - a scroll of magic mapping {unknown}
 k - a scroll of blinking {unknown}
 n - 3 scrolls of amnesia
 r - a scroll of fear {unknown}
 w - a scroll of enchant weapon {unknown}
Potions
 a - a potion of magic
 c - 2 potions of curing
 f - a potion of mutation
 h - 2 potions of lignification
 s - a potion of degeneration {unknown}
 t - a potion of resistance


   Skills:
 - Level 4.0 Fighting
 - Level 2.0 Dodging
 - Level 4.0 Stealth
 - Level 2.0 Shields
 - Level 6.0 Unarmed Combat
 - Level 2.0 Spellcasting
 + Level 3.9 Transmutations


You had 7 spell levels left.
You knew the following spells:

 Your Spells              Type           Power        Failure   Level
a - Beastly Appendage     Tmut           30%          4%          1
b - Wereblood             Tmut           15%          8%          2

Your spell library contained the following spells:

 Spells                   Type           Power        Failure   Level
 Freeze                   Ice            4%           24%         1
 Spider Form              Tmut/Pois      4%           32%         3
 Frozen Ramparts          Ice            2%           58%         3
 Ozocubu's Armour         Ice            1%           58%         3
 Ice Form                 Ice/Tmut       8%           73%         4
 Blade Hands              Tmut           7%           80%         5
 Hailstorm                Conj/Ice       1%           94%         4
 Summon Ice Beast         Ice/Summ       1%           94%         4


Dungeon Overview and Level Annotations

Branches:
Dungeon (6/15)
 Temple: D:4-7

Altars:
Ashenzari
Cheibriados
Sif Muna
Trog
Zin
The Shining One

Annotations:
D:4 2 transporters, exclusion: sky beast, ma3's ghost, novice OpTm


Innate Abilities, Weirdness & Mutations

You cannot wear most types of armour.
You are very stealthy in the water. (Stealth+)
You are amphibious.
You can wear up to eight rings at the same time.
You can use your tentacles to constrict eight enemies at once.
Your skin changes colour to match your surroundings (Stealth+).
Your rubbery body absorbs attacks. (AC +1, EV +1)


Message History

You tentacle-slap the orc warrior but do no damage.
The orc warrior is moderately wounded.
You howl as the wereblood boils in your veins!
You constrict the orc warrior, but do no damage.
You block the orc warrior's attack.
You tentacle-slap the orc warrior.
The orc warrior is moderately wounded.
You howl as the wereblood boils in your veins!
You constrict the orc warrior, but do no damage.
The orc warrior barely misses you.
You tentacle-slap the orc warrior but do no damage.
The orc warrior is moderately wounded.
You howl as the wereblood boils in your veins!
You constrict the orc warrior. The orc warrior misses you.
You tentacle-slap the orc warrior but do no damage.
You squeeze the orc warrior, but do no damage.
The orc warrior is moderately wounded.
You constrict the orc warrior, but do no damage.
The orc warrior hits you with a +0 war axe!!
You barely miss the orc warrior.
The orc warrior is moderately wounded.
You howl as the wereblood boils in your veins!
You constrict the orc warrior.
An orc priest comes into view. It is wielding a +0 mace.
You tentacle-slap the orc warrior but do no damage.
You squeeze the orc warrior.
The orc warrior is heavily wounded.
You constrict the orc warrior, but do no damage.
The orc warrior hits you with a +0 war axe!!
* * * LOW HITPOINT WARNING * * *
Unknown command.
You tentacle-slap the orc warrior but do no damage.
You tentacle-slap the orc warrior.
You squeeze the orc warrior, but do no damage.
The orc warrior is severely wounded.
You howl as the wereblood boils in your veins!
You constrict the orc warrior.
The orc priest calls down the wrath of Beogh upon you.
Beogh smites you!
You die...

### #.. #o# #.#
#o# #o#
#@####.#.#
.......#<.....#
####..###.##.#.#
#.# #.# #.# #..
## ..# .# . ##


You could see an orc warrior, an orc priest and an orc.

Vanquished Creatures
  An ogre (D:4)
  3 scorpions (D:4)
  A howler monkey (D:3)
  A jelly (D:5)
  An orc priest (D:4)
  4 orc wizards
  4 worker ants (D:4)
  4 gnolls (D:3)
  8 adders
  An adder skeleton (D:5)
  4 worms
  2 dart slugs
  3 leopard geckos
  15 orcs
  A ball python (D:1)
  12 bats
  3 giant cockroaches
  2 goblins
  5 hobgoblins
  11 kobolds
  3 quokkas
  7 frilled lizards
  A leopard gecko skeleton (D:4)
  8 rats
105 creatures vanquished.

Vanquished Creatures (others)
  6 plants (D:4)
6 creatures vanquished.

Grand Total: 111 creatures vanquished

Notes
Turn   | Place    | Note
-------+----------+-------------------------------------------
     0 | D:1      | tilp the Octopode Transmuter began the quest for the Orb.
     0 | D:1      | Reached XP level 1. HP: 13/13 MP: 3/3
    64 | D:1      | Reached skill level 1 in Stealth
   278 | D:1      | Reached XP level 2. HP: 18/18 MP: 5/5
   281 | D:1      | Learned a level 2 spell: Wereblood
  1079 | D:2      | Reached XP level 3. HP: 23/23 MP: 6/6
  1121 | D:2      | Found a glowing silver altar of Zin.
  1121 | D:2      | Found a shimmering blue altar of Sif Muna.
  1188 | D:2      | Reached skill level 1 in Shields
  1540 | D:2      | Reached XP level 4. HP: 28/28 MP: 5/7
  1888 | D:3      | Found a glowing golden altar of the Shining One.
  2117 | D:3      | Reached XP level 5. HP: 34/34 MP: 8/8
  3004 | D:3      | Found a broken altar of Ashenzari.
  3004 | D:3      | Found a bloodstained altar of Trog.
  3004 | D:3      | Found a snail-covered altar of Cheibriados.
  3124 | D:4      | Reached skill level 4 in Unarmed Combat
  3364 | D:4      | Noticed a sky beast
  3429 | D:4      | Reached XP level 6. HP: 28/42 MP: 3/9
  3833 | D:4      | Reached skill level 5 in Unarmed Combat
  4069 | D:4      | Found a transporter.
  4069 | D:4      | Found a transporter.
  4079 | D:4      | Identified the +7 halberd "Wirirphe" {pain, rF- Dex+5
                  | Stlth+}
  4119 | D:4      | Reached XP level 7. HP: 31/47 MP: 6/10
  4301 | D:4      | Reached skill level 6 in Unarmed Combat
  4321 | D:4      | Found a bloodstained altar of Trog.
  4327 | D:4      | Got a pitted hand axe
  4390 | D:4      | Noticed ma3's ghost (novice OpTm)
  4661 | D:5      | Entered Level 5 of the Dungeon
  5732 | D:6      | Killed from afar by an orc priest

Illustrated notes

Levels and vault maps discovered:
D:1:      minmay_arrival_up_and_down, layout_loops_ring, serial_bayou_pond_d
D:2:      layout_loops_ring, gammafunk_temple_overflow_elements
D:3:      layout_loops_ring, gammafunk_temple_overflow_claw,
          nicolae_tso_carved_into_rock, minmay_fractal_squares_diagonal_5
D:4:      layout_rooms, gammafunk_ghost_gnarly_gnolls, trog_butcher_becter
D:5:      layout_cave_pools, kennysheep_cross_bottleneck
D:6:      layout_loops_ring

Skill      XL: |  1  2  3  4  5  6  7 |
---------------+----------------------+-----
Stealth        | 2 3 4 |  4.0
Shields        | 1 2 |  2.0
Fighting       | 2 3 4 |  4.0
Unarmed Combat | 4 5 6 |  6.0
Transmutations | 3 |  3.9
Dodging        | |  2.0
Spellcasting   | |  2.0

Action                   |  1- 3 |  4- 6 |  7- 9 || total
-------------------------+-------+-------+-------++-------
Melee: Unarmed           |    65 |   138 |    68 ||   271
       Constrict         |    15 |    43 |    14 ||    72
       Tentacles         |    11 |    32 |    15 ||    58
       Kick              |     2 |    31 |    16 ||    49
       Punch             |       |     1 |     3 ||     4
Throw: Boomerang         |     3 |    25 |    16 ||    44
 Cast: Beastly Appendage |     7 |    16 |     9 ||    32
       Wereblood         |       |     3 |     3 ||     6
  Use: Scroll            |     3 |     5 |       ||     8
       Potion            |       |     2 |       ||     2
 Stab: Sleeping          |    16 |     3 |     1 ||    20
       Distracted        |       |     1 |       ||     1
Armor: Skin              |     4 |    11 |    10 ||    25
Dodge: Dodged            |    27 |    58 |    20 ||   105
Block: Buckler           |       |     8 |    10 ||    18

Table legend: (Time is in decaauts)
 A = Elapsed time spent in this place.
 B = Non-inter-level travel time spent in this place.
 C = Inter-level travel time spent in this place.
 D = Time resting spent in this place.
 E = Time spent auto-exploring this place.
 F = Levels seen in this place.
 G = Mean time per level.
                   A        B        C        D        E       F      G
               +--------+--------+--------+--------+--------+-----+--------+
         Total |   5734 |   5192 |    542 |    804 |   3624 |   6 |  955.7 |
       Dungeon |   5734 |   5192 |    542 |    804 |   3624 |   6 |  955.7 |
               +--------+--------+--------+--------+--------+-----+--------+

Top non-repeatable levels by time:
     D:4: 1623 daAuts
     D:3: 1491 daAuts
     D:1: 1014 daAuts
     D:2: 846 daAuts
     D:5: 738 daAuts
     D:6: 20 daAuts
